 Dungeon Crawl Stone Soup version 0.29-a0-823-gc37b1572da (webtiles) character file.

Game seed: 3875674831974280977

81 zeratav the Changer (level 4, -4/28 HPs)
             Began as an Octopode Transmuter on July 8, 2022.
             Slain by an ogre
             ... wielding a +0 giant club
              (32 damage)
             ... on level 3 of the Dungeon.
             The game lasted 00:06:18 (3179 turns).

zeratav the Changer (Octopode Transmuter)           Turns: 3179, Time: 00:06:18

Health: -4/28      AC:  2    Str:  9    XL:     4   Next: 42%
Magic:  4/7        EV: 19    Int: 17    God:
Gold:   98         SH:  0    Dex: 17    Spells: 3/7 levels left

rFire   . . .      SeeInvis .     - Unarmed
rCold   . . .      Faith    .   (shield currently unavailable)
rNeg    . . .      Spirit   .   (helmet currently unavailable)
rPois   x          Reflect  .   (no amulet)
rElec   .          Harm     .   (no ring)
rCorr   .          Rampage  .   (no ring)
Will    .....                   (no ring)
Stlth   ++........              (no ring)
HPRegen 0.09/turn               (no ring)
MPRegen 0.10/turn               (no ring)
                                (no ring)
                                (no ring)

@: spider-form
A: venomous fangs, almost no armour, (amphibious), 8 rings, tiny, (camouflage
1), (gelatinous body 1), (nimble swimmer 1), (tentacles)
a: End Transformation


You were on level 3 of the Dungeon.
You were a venomous arachnid creature.
You visited 1 branch of the dungeon, and saw 3 of its levels.

You collected 98 gold pieces.


Innate Abilities, Weirdness & Mutations

You are a venomous arachnid creature.
You have poisonous fangs.
You are tiny and dextrous.
Your spellcasting is less reliable in this form.
Your armour is entirely melded.
You are incapable of wielding weapons or throwing items.
You cannot wear most types of armour.
((You are amphibious.))
You can wear up to eight rings at the same time.
((Your skin changes colour to match your surroundings (Stealth+).))
((Your rubbery body absorbs attacks. (AC +1, EV +1)))
((You are camouflaged when in or above water. (Stealth+)))
((You have tentacles for arms and can constrict up to eight enemies at once.))


   Skills:
 - Level 1.0 Fighting
 - Level 2.0 Dodging
 - Level 3.0 Unarmed Combat
 - Level 2.0 Spellcasting
 + Level 4.1 Transmutations
 - Level 1.4 Ice Magic


You had 3 spell levels left.
You knew the following spells:

 Your Spells              Type           Power      Damage    Failure   Level
a - Beastly Appendage     Tmut           30%        N/A       12%         1
b - Spider Form           Tmut/Pois      8%         N/A       47%         3

Your spell library contained the following spells:

 Spells                   Type           Power      Damage    Failure   Level
 Wereblood                Tmut           15%        N/A       16%         2
 Ice Form                 Ice/Tmut       11%        N/A       73%         4

Inventory:

Hand Weapons
 e - a +3 hand axe {axe}
   (You found it on level 2 of the Dungeon)
 f - a +2 vorpal spear (melded) {polearm}
   (You found it on level 2 of the Dungeon)
Jewellery
 d - a ring of ice
   (You found it on level 2 of the Dungeon)
Scrolls
 c - 2 scrolls of identify {unknown}
 i - a scroll of enchant weapon {unknown}
Potions
 a - 3 potions of lignification {!q}
 b - 3 potions of heal wounds {unknown}
 g - a potion of cancellation {unknown}
 h - 2 potions of curing {unknown}

Dungeon Overview and Level Annotations

Branches:
Dungeon (3/15) Zot: 14814

Altars:

#.# #.#....#.###.###
#.#####......#.......
..........##.###[#.#
#..###....##.##....#
#.........##.#>#.#.######
..........##............#
#..<..###.####.#.#.####.#
#.###.###.# ##...## #.#
#.....#####.s.##
..###.....#......O.#
#.....##.##.###....#
#..##(##.##.#
##.#..รท.....
#..##.##.##.####.#####..)#
...##............# ##
.......#.##.######
#..###.#....# ## #.#.####


You could see an ogre (extremely poisoned).


Message History

You hit the rat.
You kill the rat!
No target in view!
A giant cockroach comes into view.
A giant cockroach is nearby!
You reach to attack!
You barely miss the giant cockroach. You closely miss the giant cockroach.
You grab the giant cockroach. You constrict the giant cockroach.
The giant cockroach bites you. The giant cockroach closely misses you.
HP[-1]
You take 1 damage, and now have 27/28 hp.
You hit the giant cockroach. You squeeze the giant cockroach.
You kill the giant cockroach!
No target in view!
No target in view!
You now have 98 gold pieces (gained 6).
An orc comes into view. It is wielding a +0 dagger.
HP[+1]
Your hp is fully restored (28).
An orc is nearby!
Found a stone staircase leading up.
You reach to attack!
The helpless orc fails to defend itself.
You hit the orc. You hit the orc but do no damage. You grab the orc.
You constrict the orc, but do no damage.
The orc misses you.
You hit the orc but do no damage. You constrict the orc. The orc misses you.
You hit the orc but do no damage. You constrict the orc.
You kill the orc!
No target in view!
You see here 3 stones {throwing}.
a - 3 potions of lignification {!q} (gained 1)
A bat comes into view.
The bat closely misses you. The bat hits you but does no damage.
You hit the bat.
You kill the bat!
No target in view!
No target in view!
You see here a bat corpse.
An ogre comes into view. It is wielding a +0 giant club.
The ogre shouts!
Casting: Beastly Appendage (safe; 3% risk of failure)
Confirm with . or Enter, or press ? or * to list all spells.
The spell is quite dangerous to miscast (26% risk of failure)!
Continue anyway?
You miscast Spider Form.
You are very lightly contaminated with residual magic.
Nothing appears to happen.
MP[-3]
You lost 3 mp, and now have 4/7 mp.
Casting: Spider Form (quite dangerous; 26% risk of failure)
Confirm with . or Enter, or press ? or * to list all spells.
The spell is quite dangerous to miscast (26% risk of failure)!
Continue anyway?
You turn into a venomous arachnid creature.
Your +2 vorpal spear {polearm} melds into your body.
MP[-3]
You lost 3 mp, and now have 1/7 mp.
The ogre hits you with a +0 giant club!!
Ouch! That really hurt!
* * * LOW HITPOINT WARNING * * *
HP[-21]
You take 21 damage, and now have 7/28 hp.
MASSIVE DAMAGE!! (PAUSE)
You hit the ogre. The ogre completely misses you.
You hit the ogre. You hit the ogre.
The ogre is poisoned.
The ogre completely misses you.
Your transformation is almost over.
The ogre attacks as you move away! The ogre misses you.
You see here a bat corpse.
Your magical contamination has completely faded away.
MP[+1] HP[+1]
Your transformation has ended.
Your +2 vorpal spear {polearm} unmelds from your body.
MP[+1]
The ogre looks more healthy.
HP[+1] MP[+1]
There is a stone staircase leading up here.
You climb upwards.
There is a stone staircase leading down here.
You start resting.
HP[+19] MP[+3]
Your hp is fully restored (28).
Your mp is fully restored (7).
Casting: Spider Form (quite dangerous; 26% risk of failure)
Confirm with . or Enter, or press ? or * to list all spells.
The spell is quite dangerous to miscast (26% risk of failure)!
Continue anyway?
You turn into a venomous arachnid creature.
Your +2 vorpal spear {polearm} melds into your body.
MP[-3]
You lost 3 mp, and now have 4/7 mp.
You climb downwards.
The ogre closely misses you.
There is a stone staircase leading up here.
You hit the ogre. The ogre completely misses you.
You completely miss the ogre. The ogre barely misses you.
You bite the ogre!
The ogre is poisoned.
You hit the ogre.
The ogre looks as sick as possible!
The ogre hits you with a +0 giant club!!
Ouch! That really hurt!
You die...

Skill      XL: |  1  2  3  4 |
---------------+-------------+-----
Ice Magic      | 1 |  1.4
Transmutations | 3 4 |  4.1
Fighting       | |  1.0
Dodging        | |  2.0
Unarmed Combat | |  3.0
Spellcasting   | |  2.0

Action                   |  1- 3 |  4- 6 || total
-------------------------+-------+-------++-------
Melee: Unarmed           |    51 |     7 ||    58
       Tentacles         |    22 |     2 ||    24
       Kick              |    21 |       ||    21
       Constrict         |    22 |     3 ||    25
       Punch             |     3 |       ||     3
       Spear             |    20 |    37 ||    57
       Hand axe          |     8 |       ||     8
 Cast: Beastly Appendage |    23 |     2 ||    25
       Spider Form       |       |     2 ||     2
 Stab: Sleeping          |     4 |     5 ||     9
Armor: Skin              |     2 |     1 ||     3
Dodge: Dodged            |    34 |    24 ||    58

Levels and vault maps discovered:
D:1:      spicycebolla_green_bress_n_ham_2, layout_basic,
          hellmonk_ecumenical_altar_slurped_away
D:2:      layout_basic
D:3:      layout_loops_ring, gammafunk_ghost_smash

Notes
Turn   | Place    | Note
-------+----------+-------------------------------------------
     0 | D:1      | zeratav the Octopode Transmuter began the quest for the
                  | Orb.
     0 | D:1      | Reached XP level 1. HP: 13/13 MP: 3/3
     0 | D:1      | magus.rc [v1.9.6]
   104 | D:1      | Reached skill level 1 in Ice Magic
   104 | D:1      | Reached XP level 2. HP: 16/18 MP: 5/5
  1070 | D:1      | Reached XP level 3. HP: 12/23 MP: 4/6
  1224 | D:1      | Found a faded altar of an unknown god.
  1231 | D:1      | Reached skill level 3 in Transmutations
  2055 | D:2      | Reached XP level 4. HP: 24/28 MP: 7/7
  2373 | D:2      | Reached skill level 4 in Transmutations
  2789 | D:2      | Learned a level 3 spell: Spider Form
  2935 | D:3      | Noticed an ogre
  2939 | D:3      | HP: 7/28 [ogre/+0 giant club (21)]
  3179 | D:3      | Slain by an ogre

Vanquished Creatures
  An adder (D:2)
  2 worms (D:2)
  2 dart slugs
  2 orcs (D:3)
  3 ball pythons
  4 bats
  8 endoplasms
  3 giant cockroaches
  4 goblins
  9 hobgoblins
  3 quokkas
  4 frilled lizards
  3 kobolds
  6 rats
54 creatures vanquished.

Table legend:
 A = Non-vault XP
 B = Vault XP
 C = Vault XP percentage of total XP
 D = Non-vault monster count
 E = Vault monster count
 F = Vault count percentage of total count
                 A         B        C        D         E       F
            +---------+---------+-------+---------+---------+-------
      Total |     115 |       2 |   1.7 |      53 |       1 |   1.9
            +---------+---------+-------+---------+---------+-------
        D:1 |      45 |       2 |   4.3 |      26 |       1 |   3.7
        D:2 |      56 |       0 |   0.0 |      20 |       0 |   0.0
        D:3 |      14 |       0 |   0.0 |       7 |       0 |   0.0
            +---------+---------+-------+---------+---------+-------

Illustrated notes

Table legend:
 A = Kills in this place as a percentage of kills in entire the game.
 B = Kills by you in this place as a percentage of kills by you in the entire game.
 C = Kills by friends in this place as a percentage of kills by friends in the entire game.
 D = Other kills in this place as a percentage of other kills in the entire game.
 E = Experience gained in this place as a percentage of experience gained in the entire game.
 F = Experience gained in this place divided by the number of levels of this place that you have seen.
                   A       B       C       D       E      F
               +-------+-------+-------+-------+-------+----------------------
         Total | 100.0 | 100.0 |   N/A |   N/A | 100.0 |  39.0
       Dungeon | 100.0 | 100.0 |   N/A |   N/A | 100.0 |  39.0
               +-------+-------+-------+-------+-------+----------------------

Table legend: (Time is in decaauts)
 A = Elapsed time spent in this place.
 B = Non-inter-level travel time spent in this place.
 C = Inter-level travel time spent in this place.
 D = Time resting spent in this place.
 E = Time spent auto-exploring this place.
 F = Levels seen in this place.
 G = Mean time per level.
                   A        B        C        D        E       F      G
               +--------+--------+--------+--------+--------+-----+--------+
         Total |   3184 |   3153 |     31 |    666 |   2026 |   3 | 1061.3 |
       Dungeon |   3184 |   3153 |     31 |    666 |   2026 |   3 | 1061.3 |
               +--------+--------+--------+--------+--------+-----+--------+

Top non-repeatable levels by time:
     D:1: 1835 daAuts
     D:2: 1162 daAuts
     D:3: 186 daAuts
